 Dungeon Crawl Stone Soup version 0.30.1-1-g62c8e00024 (webtiles) character file.

Game seed: 1347777733832376915

7567 Nicksm the Blocker (level 11, 0/89 HPs)
             Began as a Gnoll Fighter on July 16, 2023.
             Was an Elder of Okawaru.
             Slain by Erica
             ... wielding a +0 scimitar of flaming
              (4 damage)
             ... on level 9 of the Dungeon on July 17, 2023.
             The game lasted 00:48:40 (10690 turns).

Nicksm the Blocker (Gnoll Fighter)                 Turns: 10690, Time: 00:48:41

Health: 0/89       AC: 19    Str: 20    XL:     11   Next: 17%
Magic:  18/20      EV: 10    Int:  8    God:    Okawaru [****..]
Gold:   585        SH: 12    Dex: 11    Spells: 22/22 levels left

rFire   . . .        L - +6 shillelagh "Devastator" {shatter}
rCold   + . .        c - +0 buckler
rNeg    . . .        f - +0 plate armour
rPois   .            (no helmet)
rElec   .            I - +0 cloak
rCorr   .            A - +0 pair of gloves {Stlth+}
SInv    .            (no boots)
Will    .....        H - amulet of reflection
Stlth   +            k - ring of protection from cold
HPRegen 0.34/turn    (no ring)
MPRegen 0.17/turn

%: reflection
@: heroic
A: fangs 1, strong nose, distributed training
a: Renounce Religion, Heroism, Finesse


You were on level 9 of the Dungeon.
You worshipped Okawaru.
Okawaru was greatly pleased with you.
You visited 1 branch of the dungeon, and saw 9 of its levels.
You also visited: Ossuary.

You collected 787 gold pieces.
You spent 202 gold pieces at shops.

Inventory:

Hand Weapons
 a - a +1 war axe
 m - a +0 sling
 G - a +0 shortbow of flaming
 J - a +2 whip of flaming
 K - a +2 heavy spear
 L - the +6 shillelagh "Devastator" (weapon) {shatter}
   (You found it on level 8 of the Dungeon)
Missiles
 o - 75 stones
 M - 3 silver javelins (quivered)
Armour
 b - a +0 scale mail
 c - a +0 buckler (worn)
 f - a +0 plate armour (worn)
 A - a +0 pair of gloves of stealth (worn)
 I - a +0 cloak (worn)
Magical Staves
 R - a staff of conjuration
Jewellery
 g - an amulet of guardian spirit
 k - a ring of protection from cold (left hand)
 n - an amulet of magic regeneration
 H - an amulet of reflection (around neck)
Wands
 j - a wand of light (7)
 P - a wand of digging (4)
 Q - a wand of flame (7)
Scrolls
 e - a scroll of vulnerability
 i - 3 scrolls of teleportation
 l - 2 scrolls of amnesia
 r - a scroll of fear {unknown}
 w - 2 scrolls of enchant weapon
 y - a scroll of immolation
 B - a scroll of silence {unknown}
 C - a scroll of noise {unknown}
 F - 2 scrolls of identify
 N - a scroll of poison {unknown}
 O - a scroll of fog {unknown}
Potions
 d - a potion of might
 h - 5 potions of flight
 p - a potion of brilliance {unknown}
 q - 2 potions of resistance
 s - 5 potions of curing
 t - 3 potions of lignification
 u - 2 potions of mutation {unknown}
 v - 3 potions of cancellation {unknown}
 x - 2 potions of haste {unknown}
 z - 3 potions of heal wounds {unknown}
 D - 2 potions of attraction {unknown}
 E - 3 potions of degeneration {unknown}
 S - a potion of magic {unknown}


   Skills:
 + Level 9.1(14.1) Fighting
 + Level 6.2(11.2) Short Blades
 + Level 6.2(11.2) Long Blades
 + Level 7.8(12.8) Axes
 + Level 6.2(11.2) Maces & Flails
 + Level 6.2(11.2) Polearms
 + Level 6.2(11.2) Staves
 + Level 6.2(11.2) Ranged Weapons
 + Level 6.2(11.2) Throwing
 + Level 9.1(14.1) Armour
 + Level 6.2(11.2) Dodging
 + Level 6.2(11.2) Stealth
 + Level 9.1(14.1) Shields
 + Level 6.2(11.2) Unarmed Combat
 + Level 6.2 Spellcasting
 + Level 5.2 Conjurations
 + Level 5.2 Hexes
 + Level 5.2 Summonings
 + Level 5.2 Necromancy
 + Level 5.2 Translocations
 + Level 5.2 Transmutations
 + Level 5.2 Fire Magic
 + Level 5.2 Ice Magic
 + Level 5.2 Air Magic
 + Level 5.2 Earth Magic
 + Level 5.2 Poison Magic
 + Level 6.9 Invocations
 + Level 6.2 Evocations


You had 22 spell levels left.
You didn't know any spells.
Your spell library contained the following spells:

 Spells                   Type           Power      Damage    Failure   Level
 Ensorcelled Hibernation  Hex/Ice        20%        N/A       50%         2
 Lesser Beckoning         Tloc           20%        N/A       50%         2
 Passwall                 Tmut/Erth      8%         N/A       50%         2
 Gell's Gravitas          Tloc           10%        N/A       73%         3
 Ozocubu's Armour         Ice            10%        N/A       73%         3
 Swiftness                Air            10%        N/A       73%         3
 Teleport Other           Tloc           10%        N/A       73%         3
 Anguish                  Hex/Necr       5%         N/A       98%         4
 Cause Fear               Hex            5%         N/A       98%         4
 Metabolic Englaciation   Hex/Ice        5%         N/A       100%        5
 Enfeeble                 Hex            5%         N/A       100%        7
 Simulacrum               Ice/Necr       Unusable   N/A       N/A         6

Dungeon Overview and Level Annotations

Branches:
Dungeon (9/15)             Temple (0/1) D:6         Ossuary (visited)
   Lair: D:8-11         Orc: D:9-12

Altars:
Elyvilon
Hepliaklqana
Kikubaaqudgha
Makhleb
Okawaru
Qazlal
Ru
Sif Muna
Trog
Uskayaw
Vehumet
Yredelemnul
Zin
The Shining One

Shops:
D:2 [

Annotations:
D:8 exclusion: upstairs
D:9 Erica


Innate Abilities, Weirdness & Mutations

You have very sharp teeth.
Your uncanny sense of smell can sniff out nearby items.
Your experience applies equally to all skills.


Message History

The bolt of poison hits you!!
You are poisoned.
You're too confused to move!
You feel very sick.
You feel sick.
Erica casts a spell.
Erica flickers and vanishes!
Deactivating autopickup; reactivate with Ctrl-A.
You hit something.
You feel sick. Something hits you but does no damage.
You barely miss something.
You feel sick. Something hits you! Something burns you.
You closely miss something.
You feel less confused.
You feel sick. Something hits you. Something burns you.
You closely miss something. You block something's attack.
You hit something but do no damage. Your bite misses something.
You feel sick.
You hear some strange, mumbled words.
A bolt of poison appears from out of thin air!
The bolt of poison hits you!
You are more poisoned.
* * * LOW HITPOINT WARNING * * *
You feel better. Something hits you but does no damage.
You hit something.
You hear some strange, mumbled words.
A bolt of poison appears from out of thin air!
The bolt of poison hits you!
You are poisoned.
* * * LOW HITPOINT WARNING * * *
You feel better. You block something's attack.
You gain the combat prowess of a mighty hero.
Something hits you.
* * * LOW HITPOINT WARNING * * *
Something burns you.
* * * LOW HITPOINT WARNING * * *
You closely miss something. You bite something.
Something hits you but does no damage.
You closely miss something. Something hits you!
* * * LOW HITPOINT WARNING * * *
Something burns you.
You die...

#...#
###########...###################
.................................
.................................
.................................
.................................
...................>.............
.................{#.###### ######
................@..##
..........########.##
..........#....##...#
..........#._.....⌠.#############
..........#.~....................
###.......#..~~~~~~..............
#..####.##...~~≈~.#..##########
#.......##...~≈~~..............
........#..:~~~~...............


There were no monsters in sight!

Vanquished Creatures
  2 two-headed ogres (D:8)
  A gargoyle (D:8)
  Psyche (D:8)
  A troll (D:9)
  A shadow (D:9)
  3 wyverns (D:9)
  7 yaks
  Eustachio (D:6)
  2 steam dragons
  4 vampire mosquitoes (D:8)
  An acid dragon (D:9)
  2 orc warriors
  2 ice beasts (D:8)
  An ogre (D:5)
  A black bear (D:6)
  4 centaurs
  A kobold brigand (D:8)
  2 bullfrogs
  4 scorpions
  5 wights (D:8)
  11 killer bees
  A crimson imp (D:8)
  A hound (D:6)
  Crazy Yiuf (D:2)
  2 gnoll boudas (D:4)
  3 jellies
  2 sleepcaps (D:7)
  Natasha (thrice) (D:2)
  Terence (D:2)
  2 iguanas
  3 orc wizards (D:7)
  8 mummies (Ossuary)
  Robin (D:2)
  13 gnolls
  10 adders
  A white imp (D:5)
  2 ufetubi
  A worm (D:4)
  3 dart slugs (D:2)
  16 orcs
  5 bats
  4 endoplasms
  2 giant cockroaches
  15 goblins
  13 hobgoblins
  12 jackals
  A quokka (D:4)
  4 ball pythons
  2 frilled lizards
  2 gnoll zombies (Ossuary)
  2 hobgoblin zombies (Ossuary)
  14 kobolds
  A kobold zombie (Ossuary)
  3 orc zombies (Ossuary)
  5 rats
  A spectral orc (D:8)
217 creatures vanquished.

Notes
Turn   | Place    | Note
-------+----------+-------------------------------------------
     0 | D:1      | Nicksm the Gnoll Fighter began the quest for the Orb.
     0 | D:1      | Reached XP level 1. HP: 23/23 MP: 1/1
   101 | D:1      | Reached XP level 2. HP: 29/29 MP: 2/2
   412 | D:1      | Found a faded altar of an unknown god.
   519 | D:1      | Reached XP level 3. HP: 29/35 MP: 3/3
   962 | D:2      | Noticed Natasha
   971 | D:2      | Killed Natasha
   972 | D:2      | Reached skill level 1 in Short Blades
   972 | D:2      | Reached skill level 1 in Long Blades
   972 | D:2      | Reached skill level 1 in Maces & Flails
   972 | D:2      | Reached skill level 1 in Polearms
   972 | D:2      | Reached skill level 1 in Staves
   972 | D:2      | Reached skill level 1 in Ranged Weapons
   972 | D:2      | Reached skill level 1 in Throwing
   972 | D:2      | Reached skill level 1 in Dodging
   972 | D:2      | Reached skill level 1 in Stealth
   972 | D:2      | Reached skill level 1 in Unarmed Combat
   972 | D:2      | Reached skill level 1 in Spellcasting
   972 | D:2      | Reached skill level 1 in Invocations
   972 | D:2      | Reached skill level 1 in Evocations
   989 | D:2      | Noticed Natasha
   995 | D:2      | Killed Natasha
   996 | D:2      | Reached skill level 1 in Conjurations
   996 | D:2      | Reached skill level 1 in Hexes
   996 | D:2      | Reached skill level 1 in Summonings
   996 | D:2      | Reached skill level 1 in Necromancy
   996 | D:2      | Reached skill level 1 in Translocations
   996 | D:2      | Reached skill level 1 in Transmutations
   996 | D:2      | Reached skill level 1 in Fire Magic
   996 | D:2      | Reached skill level 1 in Ice Magic
   996 | D:2      | Reached skill level 1 in Air Magic
   996 | D:2      | Reached skill level 1 in Earth Magic
   996 | D:2      | Reached skill level 1 in Poison Magic
   996 | D:2      | Reached XP level 4. HP: 31/41 MP: 3/5
  1045 | D:2      | Noticed Natasha
  1055 | D:2      | Killed Natasha
  1077 | D:2      | Noticed Robin
  1096 | D:2      | Reached XP level 5. HP: 43/47 MP: 4/7
  1098 | D:2      | Killed Robin
  1268 | D:2      | Found a runed translucent door.
  1269 | D:2      | Noticed Crazy Yiuf
  1367 | D:2      | Noticed Terence
  1400 | D:2      | Killed Terence
  1567 | D:2      | Found Kaxias's Antique Armour Shoppe.
  1922 | D:3      | Reached XP level 6. HP: 50/53 MP: 6/8
  2050 | D:3      | Reached skill level 5 in Axes
  2582 | D:3      | Found a hazy altar of Hepliaklqana.
  3092 | D:4      | Found a sand-covered staircase.
  3097 | Ossuary  | Entered an ossuary
  3346 | Ossuary  | Reached XP level 7. HP: 60/60 MP: 10/10
  3570 | D:4      | Found a glowing golden altar of the Shining One.
  3823 | D:4      | Found an iron altar of Okawaru.
  3834 | D:4      | Became a worshipper of Warmaster Okawaru
  3935 | D:4      | Found a bloodstained altar of Trog.
  3936 | D:4      | Found a white marble altar of Elyvilon.
  3936 | D:4      | Found a glowing silver altar of Zin.
  3937 | D:4      | Found a sacrificial altar of Ru.
  4230 | D:2      | Bought a pair of embroidered gloves for 202 gold pieces
  4457 | D:5      | Entered Level 5 of the Dungeon
  4939 | D:5      | Found a hide-covered altar of Uskayaw.
  5001 | D:5      | Found a shimmering blue altar of Sif Muna.
  5162 | D:6      | Found a staircase to the Ecumenical Temple.
  5163 | D:6      | Noticed a steam dragon
  5175 | D:6      | Killed a steam dragon
  5176 | D:6      | Reached XP level 8. HP: 47/67 MP: 7/12
  5185 | D:6      | Reached * piety under Okawaru
  5247 | D:6      | Noticed Eustachio
  5334 | D:6      | Killed Eustachio
  6262 | D:7      | Reached ** piety under Okawaru
  6308 | D:7      | Reached XP level 9. HP: 62/73 MP: 11/14
  6938 | D:8      | Noticed a two-headed ogre
  6938 | D:8      | Noticed a two-headed ogre
  7073 | D:8      | Reached skill level 5 in Invocations
  7303 | D:7      | Reached *** piety under Okawaru
  7659 | D:8      | Found a stormy altar of Qazlal.
  7678 | D:8      | Killed a two-headed ogre
  7679 | D:8      | Reached skill level 5 in Short Blades
  7679 | D:8      | Reached skill level 5 in Long Blades
  7679 | D:8      | Reached skill level 5 in Maces & Flails
  7679 | D:8      | Reached skill level 5 in Polearms
  7679 | D:8      | Reached skill level 5 in Staves
  7679 | D:8      | Reached skill level 5 in Ranged Weapons
  7679 | D:8      | Reached skill level 5 in Throwing
  7679 | D:8      | Reached skill level 5 in Dodging
  7679 | D:8      | Reached skill level 5 in Stealth
  7679 | D:8      | Reached skill level 5 in Unarmed Combat
  7679 | D:8      | Reached skill level 5 in Spellcasting
  7679 | D:8      | Reached skill level 5 in Evocations
  7679 | D:8      | Reached XP level 10. HP: 59/82 MP: 17/17
  7850 | D:8      | Noticed Psyche
  7858 | D:8      | Killed Psyche
  7906 | D:8      | Found the +6 shillelagh "Devastator" {shatter}
  7970 | D:8      | Noticed a gargoyle
  7974 | D:8      | Killed a gargoyle
  7974 | D:8      | Received a gift from Okawaru
  8433 | D:8      | Found a burning altar of Makhleb.
  8446 | D:8      | Reached **** piety under Okawaru
  8452 | D:8      | Found a radiant altar of Vehumet.
  8822 | D:8      | Found a basalt altar of Yredelemnul.
  8864 | D:8      | Killed a two-headed ogre
  9575 | D:2      | Killed Crazy Yiuf
  9742 | D:9      | Received a gift from Okawaru
  9786 | D:9      | Reached skill level 5 in Conjurations
  9786 | D:9      | Reached skill level 5 in Hexes
  9786 | D:9      | Reached skill level 5 in Summonings
  9786 | D:9      | Reached skill level 5 in Necromancy
  9786 | D:9      | Reached skill level 5 in Translocations
  9786 | D:9      | Reached skill level 5 in Transmutations
  9786 | D:9      | Reached skill level 5 in Fire Magic
  9786 | D:9      | Reached skill level 5 in Ice Magic
  9786 | D:9      | Reached skill level 5 in Air Magic
  9786 | D:9      | Reached skill level 5 in Earth Magic
  9786 | D:9      | Reached skill level 5 in Poison Magic
  9786 | D:9      | Reached XP level 11. HP: 89/89 MP: 20/20
 10621 | D:9      | Found an ancient bone altar of Kikubaaqudgha.
 10658 | D:9      | Noticed Erica
 10690 | D:9      | HP: 4/89 [something (12)]
 10690 | D:9      | Slain by Erica

Illustrated notes

Levels and vault maps discovered:
D:1:      minmay_arrival_loop, layout_basic, basic_ecumenical_altar
D:2:      layout_rooms, serial_shops, shop, minmay_misc_feat_room, uniq_robin,
          uniq_natasha, uniq_crazy_yiuf_cottage, uniq_terence
D:3:      layout_basic, marbit_many_paths, serial_forest,
          infiniplex_forest_side_room, infiniplex_forest_3_way,
          infiniplex_forest_lined_3, infiniplex_forest_lined_3,
          infiniplex_forest_lined_2, infiniplex_forest_end_1,
          kennysheep_generic_room_9
D:4:      layout_cave_pools, mainiacjoe_overflow_surrounded_room,
          hellmonk_okawaru_the_only_friend_you_need,
          chequers_temple_overflow_statue_of_worship, portal_sewer_entry_d,
          nicolae_ossuary_entry_false_entrances
D:5:      layout_cave_pools, nicolae_sif_muna_little_library, lemuel_round_altar
D:6:      layout_loops_ring, temple_pool_b, uniq_eustachio
D:7:      layout_cave_pools, corexii_corridor_pit
D:8:      wander_river, layout_basic,
          grunt_temple_overflow_lords_of_destruction,
          yredelemnul_forgotten_temple_becter, grunt_qazlal_sundering,
          dilly_guarded_unrand_devastator, uniq_psyche
D:9:      layout_long_grid, kiku_gazebo_pond_becter, lair_entry_dummy,
          kennysheep_just_a_vault, uniq_erica

Skill      XL: |  1  2  3  4  5  6  7  8  9 10 |
---------------+-------------------------------+-----
Short Blades   | 1 2 3 5 6 |  6.2
Long Blades    | 1 2 3 5 6 |  6.2
Maces & Flails | 1 2 3 5 6 |  6.2
Polearms       | 1 2 3 5 6 |  6.2
Staves         | 1 2 3 5 6 |  6.2
Ranged Weapons | 1 2 3 5 6 |  6.2
Throwing       | 1 2 3 5 6 |  6.2
Dodging        | 1 2 3 5 6 |  6.2
Stealth        | 1 2 3 5 6 |  6.2
Unarmed Combat | 1 2 3 5 6 |  6.2
Spellcasting   | 1 2 3 5 6 |  6.2
Invocations    | 1 2 3 4 5 6 |  6.9
Evocations     | 1 2 3 5 6 |  6.2
Conjurations   | 1 2 3 4 5 |  5.2
Hexes          | 1 2 3 4 5 |  5.2
Summonings     | 1 2 3 4 5 |  5.2
Necromancy     | 1 2 3 4 5 |  5.2
Translocations | 1 2 3 4 5 |  5.2
Transmutations | 1 2 3 4 5 |  5.2
Fire Magic     | 1 2 3 4 5 |  5.2
Ice Magic      | 1 2 3 4 5 |  5.2
Air Magic      | 1 2 3 4 5 |  5.2
Earth Magic    | 1 2 3 4 5 |  5.2
Poison Magic   | 1 2 3 4 5 |  5.2
Axes           | 5 6 7 |  7.8
Fighting       | 7 8 9 |  9.1
Armour         | 7 8 9 |  9.1
Shields        | 7 8 9 |  9.1

Action                     |  1- 3 |  4- 6 |  7- 9 | 10-12 || total
---------------------------+-------+-------+-------+-------++-------
  Melee: War axe           |    53 |   239 |   365 |    21 ||   678
         Bite              |     6 |    28 |    42 |    20 ||    96
         Shillelagh        |       |       |       |   105 ||   105
         Unarmed           |       |       |       |     4 ||     4
   Fire: Sling             |       |       |     4 |       ||     4
  Throw: Javelin           |       |       |       |     3 ||     3
         Throwing net      |       |       |       |     1 ||     1
 Invoke: Heroism           |       |       |       |     2 ||     2
  Evoke: Wand              |       |       |     3 |     3 ||     6
    Use: Potion            |       |       |     1 |     3 ||     4
         Scroll            |       |       |     8 |       ||     8
 Armour: Scale mail        |    10 |       |       |       ||    10
         Plate armour      |    29 |   176 |   333 |    82 ||   620
  Dodge: Dodged            |    10 |    70 |   125 |    53 ||   258
  Block: Buckler           |    13 |    83 |   130 |    85 ||   311
         Reflection        |       |       |     2 |     3 ||     5
